 Dungeon Crawl Stone Soup version 0.30.1-5-ged363bc7ee (webtiles) character file.

Game seed: 17676482432814364293

17 Cheops the Caller (level 2, 0/19 HPs)
             Began as a Merfolk Summoner on Sept 19, 2023.
             Slain by an endoplasm (1 damage)
             ... on level 1 of the Dungeon.
             The game lasted 00:03:24 (606 turns).

Cheops the Caller (Merfolk Summoner)                 Turns: 606, Time: 00:03:24

Health: 0/19       AC:  2    Str:  8    XL:     2   Next: 62%
Magic:  3/5        EV: 12    Int: 14    God:
Gold:   41         SH:  0    Dex: 14    Spells: 2/5 levels left

rFire   . . .        c - +0 dagger
rCold   . . .        (no shield)
rNeg    . . .        a - +0 robe
rPois   .            (no helmet)
rElec   .            (no cloak)
rCorr   .            (no gloves)
SInv    .            (no boots)
Will    .....        (no amulet)
Stlth   ++           (no ring)
HPRegen 0.23/turn    (no ring)
MPRegen 0.09/turn

%: no passive effects
@: no status effects
A: (nimble swimmer 2), mertail
a: no special abilities


You were on level 1 of the Dungeon.
You visited 1 branch of the dungeon, and saw 1 of its levels.

You collected 41 gold pieces.

Inventory:

Hand Weapons
 c - a +0 dagger (weapon)
Armour
 a - a +0 robe (worn)
Potions
 b - a potion of magic


   Skills:
 - Level 2.6 Dodging
 - Level 2.1 Stealth
 - Level 2.0 Spellcasting
 + Level 4.7 Summonings


You had 2 spell levels left.
You knew the following spells:

 Your Spells              Type           Power      Damage    Failure   Level
I - Call Imp              Summ           28%        N/A       5%          2
M - Summon Small Mammal   Summ           56%        N/A       3%          1

Your spell library contained the following spells:

 Spells                   Type           Power      Damage    Failure   Level
 Call Canine Familiar     Summ           14%        N/A       11%         3
 Summon Guardian Golem    Hex/Summ       8%         N/A       26%         3
 Summon Lightning Spire   Summ/Air       8%         N/A       65%         4


Dungeon Overview and Level Annotations

Branches:
Dungeon (1/15)

Altars:


Innate Abilities, Weirdness & Mutations

((You are very nimble when in or above water. (Stealth+, EV+, Speed+++)))
Your lower body shifts to a powerful aquatic tail in water.


Message History

You completely miss the endoplasm. The jackal bites you.
The endoplasm freezes you.
You are frozen.
* * * LOW HITPOINT WARNING * * *
You barely miss the endoplasm. The jackal barely misses you.
The endoplasm hits you but does no damage.
You hit the endoplasm.
The endoplasm is moderately wounded.
The jackal bites you.
* * * LOW HITPOINT WARNING * * *
The jackal bites you but does no damage.
The endoplasm freezes you.
You are frozen.
* * * LOW HITPOINT WARNING * * *
You barely miss the endoplasm.
The endoplasm is moderately wounded.
The jackal barely misses you. The endoplasm misses you.
You aren't carrying any scrolls.
Unknown command.
Casting: Call Imp (safe; 5% risk of failure)
Confirm with . or Enter, or press ? or * to list all spells.
A tiny devil pulls itself out of the air.
Your cerulean imp says, "Let's spread havoc!"
The jackal barely misses you. The endoplasm closely misses you.
The jackal bites you.
* * * LOW HITPOINT WARNING * * *
You closely miss the jackal.
The jackal is heavily wounded.
The jackal bites you.
* * * LOW HITPOINT WARNING * * *
The endoplasm freezes you.
You are frozen.
* * * LOW HITPOINT WARNING * * *
Your cerulean imp hits the jackal but does no damage.
You hit the jackal.
The jackal is severely wounded.
The jackal bites you.
* * * LOW HITPOINT WARNING * * *
The endoplasm hits you.
You die...

##...## #>..## #........#
...#..###### #....# #........#
.####......### #.#### #........#
...#######...# #.# #.g......#
.#.# ###.## #.## ###).......#
...# #####..###..###..........#
...#####......§§§......#........#
.........######J##5..###b.......#
.#.....### #§@hh..# #........#
.###....## ####b..# #........# .#
##.#..# #...# ########## .#
#.##.## ##### ## #.....# #######


You could see an endoplasm, 2 jackals, a bat and a friendly cerulean imp
(summoned).

Vanquished Creatures
  A jackal (D:1)
  A ball python (D:1)
  2 frilled lizards (D:1)
  2 rats (D:1)
6 creatures vanquished.

Vanquished Creatures (collateral kills)
  A bat (D:1)
  A giant cockroach (D:1)
  2 goblins (D:1)
  4 hobgoblins (D:1)
  2 kobolds (D:1)
10 creatures vanquished.

Grand Total: 16 creatures vanquished

Notes
Turn   | Place    | Note
-------+----------+-------------------------------------------
     0 | D:1      | Cheops the Merfolk Summoner began the quest for the Orb.
     0 | D:1      | Reached XP level 1. HP: 13/13 MP: 3/3
   351 | D:1      | Reached XP level 2. HP: 19/19 MP: 1/5
   472 | D:1      | Learned a level 2 spell: Call Imp
   606 | D:1      | Slain by an endoplasm

Illustrated notes

Levels and vault maps discovered:
D:1:      kilobyte_arrival_exit_the_forest, layout_rooms, minmay_heptomino_d4

Action                     || total
---------------------------++-------
  Melee: Unarmed           ||    14
         Dagger            ||    34
   Cast: Summon Small Mamm ||    14
         Call Imp          ||     3
    Use: Scroll            ||     1
         Potion            ||     1
   Stab: Distracted        ||     1
 Armour: Robe              ||    10
  Dodge: Dodged            ||    37
